cohdb
Replays
Latest Replays
All Replays
Popular Replays
Top Player Replays
Match Explorer
How It Works
Community
CoH3 Stats
Reddit
Sign in to upload your games and track your stats! →
Sign in with Steam
Match 45223140
Unlisted
Match 45223140
Overview
Messages
Build Orders
End
Panzergrenadier Squad
Kradschützen Motorcycle Team
Selects Armored Support Battlegroup
Panzergrenadier Squad
Panzergrenadier Squad
Construct Light Support Kompanie
2.5-tonne Medical Truck
Panzergrenadier Squad
Fire Support Elements
Panzerjäger Mechanized Group
Selects Veteran Gunners
Selects Salvage Kits
Assault Grenadier Squad
2.5-tonne Medical Truck
Construct Panzerarmee Kommand
Panzer III L Medium Tank
Selects Flammpanzer III Medium Tank
Assault Mechanized Group
Flammpanzer III Medium Tank
Crashing this Game
ST Hélios | No Game No Life
DirtyDan
Ashur
0
0
Comments
sign in to comment!
No comments posted yet!